 Dungeon Crawl Stone Soup version 0.30-a0-715-gdb4ae3ece1 (webtiles) character file.

Game seed: 15784246795256950483

104 wormed the Ducker (level 4, -1/38 HPs)
             Began as a Gnoll Wanderer on Jan 24, 2023.
             Slain by Robin
             ... wielding a +0 falchion
              (4 damage)
             ... on level 3 of the Dungeon.
             The game lasted 00:02:25 (2086 turns).

wormed the Ducker (Gnoll Wanderer)                  Turns: 2086, Time: 00:02:25

Health: -1/38      AC:  4    Str: 11    XL:     4   Next: 80%
Magic:  8/8        EV: 13    Int: 13    God:
Gold:   85         SH:  0    Dex: 12    Spells: 8/9 levels left

rFire   . . .      SeeInvis .    a - +2 hand axe
rCold   . . .      Faith    .    (no shield)
rNeg    . . .      Spirit   .    g - +0 leather armour
rPois   .          Reflect  .    (no helmet)
rElec   .          Harm     .    b - +0 cloak
rCorr   .          Rampage  .    (no gloves)
Will    .....                    (no boots)
Stlth   +                        (no amulet)
HPRegen 0.26/turn                (no ring)
MPRegen 0.11/turn                (no ring)

@: no status effects
A: fangs 1, strong nose, distributed training
a: no special abilities


You were on level 3 of the Dungeon.
You visited 1 branch of the dungeon, and saw 3 of its levels.

You collected 85 gold pieces.

Inventory:

Hand Weapons
 a - a +2 hand axe (weapon)
Missiles
 m - 2 poisoned darts
Armour
 b - a +0 cloak (worn)
 g - a +0 leather armour (worn)
Scrolls
 e - 2 scrolls of fear {unknown}
 f - a scroll of noise {unknown}
 i - a scroll of identify {unknown}
 j - a scroll of vulnerability {unknown}
 k - a scroll of torment {unknown}
 l - a scroll of blinking {unknown}
 p - a scroll of enchant weapon {unknown}
Potions
 c - 2 potions of mutation
 d - 3 potions of brilliance {unknown}
 h - 2 potions of curing {unknown}
 n - a potion of degeneration {unknown}
 o - a potion of might {unknown}
 q - a potion of attraction {unknown}
 r - a potion of flight {unknown}


   Skills:
 + Level 4.7 Fighting
 + Level 1.3 Short Blades
 + Level 1.3 Long Blades
 + Level 6.6 Axes
 + Level 1.3 Maces & Flails
 + Level 1.3 Polearms
 + Level 1.3 Staves
 + Level 1.3 Ranged Weapons
 + Level 1.3 Throwing
 + Level 1.3 Armour
 + Level 6.6 Dodging
 + Level 1.3 Stealth
 + Level 1.3 Shields
 + Level 1.3 Unarmed Combat
 + Level 3.1 Spellcasting
 + Level 1.0 Conjurations
 + Level 1.0 Hexes
 + Level 1.0 Summonings
 + Level 1.0 Necromancy
 + Level 1.0 Translocations
 + Level 1.0 Transmutations
 + Level 1.0 Fire Magic
 + Level 1.0 Ice Magic
 + Level 2.3 Air Magic
 + Level 1.0 Earth Magic
 + Level 1.0 Poison Magic
 + Level 1.4 Invocations
 + Level 1.3 Evocations


You had 8 spell levels left.
You knew the following spells:

 Your Spells              Type           Power      Damage    Failure   Level
a - Shock                 Conj/Air       24%        1d4       16%         1

Your spell library contained the following spells:

 Spells                   Type           Power      Damage    Failure   Level
 Vhi's Electric Charge    Tloc/Air       12%        N/A       41%         3
 Call Canine Familiar     Summ           4%         N/A       50%         3
 Portal Projectile        Hex/Tloc       8%         N/A       50%         3
 Leda's Liquefaction      Hex/Erth       2%         N/A       88%         4
 Passage of Golubria      Tloc           4%         N/A       88%         4
 Iron Shot                Conj/Erth      2%         9d2       100%        6


Dungeon Overview and Level Annotations

Branches:
Dungeon (3/15)

Altars:

Annotations:
D:3 Robin


Innate Abilities, Weirdness & Mutations

You have very sharp teeth.
Your uncanny sense of smell can sniff out nearby items.
Your experience applies equally to all skills.


Message History

You kill the goblin!
You hit the hobgoblin. x2
You kill the hobgoblin!
You closely miss the kobold. Your bite misses the kobold.
You barely miss the hobgoblin. The kobold hits you but does no damage.
The hobgoblin closely misses you.
You hit the kobold. You bite the kobold, but do no damage.
The kobold is moderately wounded.
You hit the hobgoblin. The hobgoblin closely misses you.
The kobold barely misses you.
You barely miss the hobgoblin. Your bite misses the hobgoblin.
The hobgoblin is heavily wounded.
You hit the kobold.
You kill the kobold!
Robin throws the goblin at you!
The hobgoblin hits you but does no damage.
You hit the goblin.
You kill the goblin!
You hit the hobgoblin. Robin throws the goblin at you!
The hobgoblin closely misses you.
You hit the hobgoblin but do no damage.
The hobgoblin is severely wounded.
You hit the goblin but do no damage. The goblin barely misses you.
The hobgoblin barely misses you.
You hit Robin.
Robin is lightly wounded.
You barely miss the hobgoblin. You hit the goblin.
The goblin hits you but does no damage. Robin hits you with a +0 falchion.
* * * LOW HITPOINT WARNING * * *
The hobgoblin hits you.
* * * LOW HITPOINT WARNING * * *
You slash the hobgoblin!
You kill the hobgoblin!
You hit the goblin.
You kill the goblin!
You hit Robin. Robin barely misses you.
You hit Robin.
Robin is severely wounded.
Robin hits you with a +0 falchion.
You die...

≈≈≈≈≈≈≈≈≈≈≈≈≈≈≈≈≈~.))...
≈~≈≈≈≈≈~≈≈≈≈≈≈≈≈≈~.....)
~~~~~~~~~~~≈~~~~~~~....)
~~...~.~~~~..~~..~~....)
........................
......).................
......))................
####..g†##########...##.
#.##@# ###.##. #.
#.)...# #.##. # #.....#
####. ...#....#
#..#.##.. ...# # # ....
##(.


You could see Robin.

Vanquished Creatures
  A gnoll (D:3)
  2 adders (D:2)
  A worm (D:2)
  2 dart slugs (D:2)
  8 endoplasms
  A giant cockroach (D:1)
  17 goblins
  8 hobgoblins
  5 quokkas
  3 ball pythons
  4 bats
  A frilled lizard (D:1)
  5 kobolds
  5 rats
63 creatures vanquished.

Notes
Turn   | Place    | Note
-------+----------+-------------------------------------------
     0 | D:1      | wormed the Gnoll Wanderer began the quest for the Orb.
     0 | D:1      | wormed set off with the following items: a +2 hand axe, a
                  | +0 cloak, a potion of mutation, a +0 robe; and the
                  | following spell memorised: Shock; and the following spells
                  | available to memorise: Vhi's Electric Charge.
     0 | D:1      | Reached XP level 1. HP: 20/20 MP: 4/4
    99 | D:1      | Reached XP level 2. HP: 26/26 MP: 5/5
   562 | D:1      | Reached XP level 3. HP: 29/31 MP: 7/7
   897 | D:2      | Reached skill level 1 in Invocations
  1075 | D:2      | Reached skill level 1 in Short Blades
  1075 | D:2      | Reached skill level 1 in Long Blades
  1075 | D:2      | Reached skill level 1 in Maces & Flails
  1075 | D:2      | Reached skill level 1 in Polearms
  1075 | D:2      | Reached skill level 1 in Staves
  1075 | D:2      | Reached skill level 1 in Ranged Weapons
  1075 | D:2      | Reached skill level 1 in Throwing
  1075 | D:2      | Reached skill level 1 in Armour
  1075 | D:2      | Reached skill level 1 in Stealth
  1075 | D:2      | Reached skill level 1 in Shields
  1075 | D:2      | Reached skill level 1 in Unarmed Combat
  1075 | D:2      | Reached skill level 1 in Evocations
  1120 | D:2      | Reached XP level 4. HP: 32/38 MP: 8/8
  1178 | D:2      | Got the Papyrus of the Dimensional Plateau
  2045 | D:3      | Reached skill level 1 in Conjurations
  2045 | D:3      | Reached skill level 1 in Hexes
  2045 | D:3      | Reached skill level 1 in Summonings
  2045 | D:3      | Reached skill level 1 in Necromancy
  2045 | D:3      | Reached skill level 1 in Translocations
  2045 | D:3      | Reached skill level 1 in Transmutations
  2045 | D:3      | Reached skill level 1 in Fire Magic
  2045 | D:3      | Reached skill level 1 in Ice Magic
  2045 | D:3      | Reached skill level 1 in Earth Magic
  2045 | D:3      | Reached skill level 1 in Poison Magic
  2069 | D:3      | Noticed Robin
  2086 | D:3      | Slain by Robin

Illustrated notes

Levels and vault maps discovered:
D:1:      minmay_arrival_cross, layout_basic, skrybe_limestone_x
D:2:      layout_basic, serial_glass, glass_columns_c, glass_columns_a,
          solitary_fountain
D:3:      minmay_goblin_kobold_castle, layout_basic,
          ebering_ecumenical_altar_hall, lemuel_flame_loot_1,
          uniq_crazy_yiuf_cottage, uniq_robin, uniq_jessica

Skill      XL: |  1  2  3  4 |
---------------+-------------+-----
Air Magic      | 2 |  2.3
Invocations    | 1 |  1.4
Short Blades   | 1 |  1.3
Long Blades    | 1 |  1.3
Maces & Flails | 1 |  1.3
Polearms       | 1 |  1.3
Staves         | 1 |  1.3
Ranged Weapons | 1 |  1.3
Throwing       | 1 |  1.3
Armour         | 1 |  1.3
Stealth        | 1 |  1.3
Shields        | 1 |  1.3
Unarmed Combat | 1 |  1.3
Evocations     | 1 |  1.3
Spellcasting   | 3 |  3.1
Conjurations   | 1 |  1.0
Hexes          | 1 |  1.0
Summonings     | 1 |  1.0
Necromancy     | 1 |  1.0
Translocations | 1 |  1.0
Transmutations | 1 |  1.0
Fire Magic     | 1 |  1.0
Ice Magic      | 1 |  1.0
Earth Magic    | 1 |  1.0
Poison Magic   | 1 |  1.0
Fighting       | |  4.7
Axes           | |  6.6
Dodging        | |  6.6

Action                     |  1- 3 |  4- 6 || total
---------------------------+-------+-------++-------
  Melee: Hand axe          |    93 |    57 ||   150
         Bite              |     7 |     6 ||    13
         Punch             |     2 |       ||     2
 Armour: Robe              |     7 |       ||     7
         Leather armour    |    22 |    21 ||    43
  Dodge: Dodged            |    59 |    49 ||   108

Table legend: (Time is in decaauts)
 A = Elapsed time spent in this place.
 B = Non-inter-level travel time spent in this place.
 C = Inter-level travel time spent in this place.
 D = Time resting spent in this place.
 E = Time spent auto-exploring this place.
 F = Levels seen in this place.
 G = Mean time per level.
                   A        B        C        D        E       F      G
               +--------+--------+--------+--------+--------+-----+--------+
         Total |   2082 |   2017 |     65 |      0 |   1655 |   3 |  694.0 |
       Dungeon |   2082 |   2017 |     65 |      0 |   1655 |   3 |  694.0 |
               +--------+--------+--------+--------+--------+-----+--------+

Top non-repeatable levels by time:
     D:2: 1063 daAuts
     D:1: 870 daAuts
     D:3: 148 daAuts
